 Dungeon Crawl Stone Soup version 0.23-a0-612-gcb482e9 (webtiles) character file.

820 George the Basher (level 7, -6/41 HPs)
             Began as a Gargoyle Fighter on Dec 21, 2018.
             Mangled by a large abomination (20 damage)
             ... on level 1 of the Abyss.
             The game lasted 00:09:27 (4728 turns).

George the Basher (Gargoyle Fighter)                Turns: 4728, Time: 00:09:28

Health: -6/41      AC: 21    Str: 27    XL:     7   Next: 95%
Magic:  16/16      EV:  6    Int:  8    God:
Gold:   305        SH:  9    Dex:  5    Spells: 6/6 levels left

rFire    . . .     SeeInvis .   a - +1 flail
rCold    . . .     Gourm    .   c - +0 shield
rNeg     + + .     Faith    .   p - +0 chain mail
rPois    ∞         Spirit   .   G - +0 helmet
rElec    +         Reflect  .   (no cloak)
rCorr    .         Harm     .   D - +2 pair of gloves
MR       .....     Rnd*Rage +   n - +2 pair of boots
Stlth    ..........             (no amulet)
HPRegen  0.00/turn              t - ring of magical power
MPRegen  0.15/turn              F - ring of positive energy

@: mighty
A: [berserk 2], [blurry vision 2], [clumsy 2], [deterioration 2], negative
energy resistance 1, [screaming 3], electricity resistance, [inhibited
regeneration], unbreathing, petrification resistance, [no potion heal 2], rot
immunity, [subdued magic 2], AC +4
a: no special abilities


You were on level 1 of the Abyss.
You were near starving.

You visited 1 branch of the dungeon, and saw 5 of its levels.
You visited the Abyss 1 time.

You collected 305 gold pieces.

Inventory:

Hand Weapons
 a - a +1 flail (weapon)
Armour
 c - a +0 shield (worn)
 n - a +2 pair of boots (worn)
 p - a +0 chain mail (worn)
 D - a +2 pair of gloves (worn)
 G - a +0 helmet (worn)
Jewellery
 t - a ring of magical power (left hand)
 F - a ring of positive energy (right hand)
Wands
 b - a wand of acid (1)
 r - a wand of flame (19)
Scrolls
 j - 4 scrolls of teleportation
 u - a scroll of amnesia
 y - 2 scrolls of magic mapping
 z - 2 scrolls of remove curse
 C - a scroll of enchant weapon
Potions
 d - 3 potions of might
 e - 3 potions of curing
 g - 3 potions of haste
 h - a potion of brilliance
 o - 2 potions of heal wounds
 q - a potion of flight
 s - a potion of resistance
 v - a potion of invisibility
 B - a potion of mutation {unknown}
Comestibles
 f - 9 rations


   Skills:
 - Level 3.2 Fighting
 + Level 8.9 Maces & Flails
 - Level 3.2 Armour
 - Level 3.2 Shields


You had 6 spell levels left.
You didn't know any spells.
Your spell library contained the following spells:

 Spells                   Type           Power        Failure   Level  Hunger
 Poisonous Vapours        Pois/Air       #.....       100%        2    ###....
 Conjure Flame            Conj/Fire      #.......     100%        3    ####...
 Mephitic Cloud           Conj/Pois/Air  #.......     100%        3    ####...
 Freezing Cloud           Conj/Ice/Air   #.........   100%        6    #######
 Ring of Flames           Chrm/Fire      #.........   100%        7    #######


Dungeon Overview and Level Annotations

Branches:
Dungeon (5/15)
 Temple: D:4-7

Altars:
Dithmenos
Qazlal
Ru
Sif Muna
Trog
Vehumet
Wu Jian

Shops:
D:4 %

Annotations:
D:3 Blork the orc


Innate Abilities, Weirdness & Mutations

You are resistant to torment.
Your stone body is resilient. (AC +4)
You are immune to poison.
You resist negative energy. (rN+)
You are resistant to electric shocks. (rElec)
You can survive without breathing.
You are immune to petrification.
You are immune to rotting.
[You often lose your temper in combat.]
[Scrolls take you longer to read.]
[You are very clumsy. (Dex -4)]
[Your body often deteriorates upon taking damage.]
[You frequently scream uncontrollably at your foes.]
[You do not regenerate when monsters are visible.]
[Potions are poor at restoring your health.]
[Your spells are easier to cast, but less powerful.]


Message History

It is a scroll of enchant weapon.
Your +0 flail glows red for a moment.
You begin reading the scroll.
You continue reading the scroll.
As you read the scroll labeled UZXUIW YVOSCH, it crumbles to dust.
The air around you briefly surges with heat, but it dissipates.
It was a scroll of immolation.
You start resting.
A large abomination comes into view.
You hit the large abomination.
The large abomination is lightly damaged.
The large abomination hits you.
You hit the large abomination but do no damage.
The large abomination is lightly damaged.
The large abomination hits you!!
Ouch! That really hurt!
You hit the large abomination.
The large abomination is lightly damaged.
You feel very mighty all of a sudden. The large abomination hits you!!
You die...

. . ## ##
## .. .
..####...#
#.... #
#..≈ #..
### .. . .
≈§ ##.. ##
... # . ♣
≈≈# #
#...# .# #
#. ≈ .
####X#.#
.. §§≈ ≈≈
# #@#.# .
#≈§≈ ≈##
#..#. .
≈≈≈ ##.##
#.### ≈#
##. # .#.#
# . .
#...# ..#


You could see a large abomination.

Vanquished Creatures
  An ogre (D:3)
  A scorpion (D:3)
  3 howler monkeys (D:4)
  2 crimson imps
  A hound (D:2)
  4 orc priests
  Terence (D:2)
  4 orc wizards (D:3)
  A worker ant (D:4)
  3 adders
  4 gnolls
  An ooze (D:3)
  7 worms
  3 dart slugs
  5 leopard geckos
  18 orcs
  A giant cockroach (D:3)
  3 hobgoblins
  11 jackals
  5 kobolds
  2 quokkas
  4 ball pythons
  3 bats
  3 frilled lizards
  7 goblins
  A leopard gecko skeleton (D:4)
  5 rats
104 creatures vanquished.

Notes
Turn   | Place    | Note
-------+----------+-------------------------------------------
     0 | D:1      | George the Gargoyle Fighter began the quest for the Orb.
     0 | D:1      | Reached XP level 1. HP: 14/14 MP: 1/1
   207 | D:1      | Reached XP level 2. HP: 19/19 MP: 2/2
   368 | D:1      | Reached skill level 3 in Maces & Flails
   724 | D:2      | Reached XP level 3. HP: 23/23 MP: 3/3
   946 | D:2      | Reached skill level 4 in Maces & Flails
  1018 | D:2      | Reached XP level 4. HP: 13/28 MP: 4/4
  1096 | D:2      | Found a sacrificial altar of Ru.
  1352 | D:2      | Noticed Terence
  1363 | D:2      | Killed Terence
  1363 | D:2      | Reached skill level 5 in Maces & Flails
  1363 | D:2      | Reached XP level 5. HP: 25/32 MP: 5/5
  1436 | D:2      | Found a shadowy altar of Dithmenos.
  2167 | D:3      | Reached skill level 6 in Maces & Flails
  2181 | D:3      | Reached XP level 6. HP: 25/37 MP: 6/6
  2655 | D:3      | Found an ornate altar of the Wu Jian Council.
  2910 | D:3      | Found a radiant altar of Vehumet.
  2984 | D:3      | Noticed Blork the orc
  3032 | D:3      | Found a deep blue altar of Sif Muna.
  3244 | D:4      | Found Qentulus's Food Shop.
  3630 | D:3      | Reached skill level 7 in Maces & Flails
  3630 | D:3      | Reached XP level 7. HP: 36/41 MP: 7/7
  3707 | D:3      | Reached skill level 8 in Maces & Flails
  4193 | D:4      | Found a stormy altar of Qazlal.
  4222 | D:4      | You fall through a shaft!
  4222 | D:5      | Entered Level 5 of the Dungeon
  4335 | D:4      | Found a bloodstained altar of Trog.
  4564 | D:5      | Cast into level 1 of the Abyss (orc warrior)
  4577 | Abyss:1  | Noticed a small abomination
  4601 | Abyss:1  | Noticed a wretched star
  4614 | Abyss:1  | Noticed a ynoxinul
  4618 | Abyss:1  | Noticed a large abomination
  4641 | Abyss:1  | Noticed a thrashing horror
  4728 | Abyss:1  | Mangled by a large abomination

Vault maps used:
D:1:      dpeg_arrival_morbid_curiosity
D:2:      nicolae_ru_awakened_eye, grunt_dithmenos_smoke_and_mirrors,
          uniq_terence
D:3:      tgw_sif, nicolae_overflow_hidden_temple, lemuel_crystal_altar,
          serial_bayou_lagoon_b
D:4:      kennysheep_mini_moat, nicolae_qazlal_general_emergency, serial_shops,
          shop, serial_glass, glass_columns_b, glass_columns_a
D:5:      temple_doors_e, first_ration
Abyss:1:  due_exit_kobolds

Skill      XL: |  1  2  3  4  5  6  7 |
---------------+----------------------+-----
Maces & Flails | 3 4 5 6 7 8 |  8.9
Fighting       | |  3.2
Armour         | |  3.2
Shields        | |  3.2

Action                   |  1- 3 |  4- 6 |  7- 9 || total
-------------------------+-------+-------+-------++-------
Melee: Flail             |   162 |   265 |   119 ||   546
Evoke: Wand              |       |     1 |     1 ||     2
  Use: Scroll            |       |       |    19 ||    19
       Potion            |       |       |     1 ||     1
  Eat: Chunk             |     1 |     5 |     2 ||     8
       Ration            |       |     1 |       ||     1
Armor: Scale mail        |    37 |       |       ||    37
       Chain mail        |    83 |   204 |    81 ||   368
Dodge: Dodged            |    53 |    62 |    32 ||   147
Block: Shield            |   105 |   153 |    71 ||   329

Table legend:
 A = Non-vault XP
 B = Vault XP
 C = Vault XP percentage of total XP
 D = Non-vault monster count
 E = Vault monster count
 F = Vault count percentage of total count
                 A         B        C        D         E       F
            +---------+---------+-------+---------+---------+-------
      Total |    1128 |      44 |   3.8 |      98 |       6 |   5.8
            +---------+---------+-------+---------+---------+-------
        D:1 |      22 |       8 |  26.7 |      11 |       5 |  31.2
        D:2 |     113 |      36 |  24.2 |      25 |       1 |   3.8
        D:3 |     629 |       0 |   0.0 |      43 |       0 |   0.0
        D:4 |     301 |       0 |   0.0 |      16 |       0 |   0.0
        D:5 |      63 |       0 |   0.0 |       3 |       0 |   0.0
            +---------+---------+-------+---------+---------+-------
